Capitals vs Rangers

Created - October-01-14 at 16:57

Simulating a Pre-Season

Goals
1 2 3 OT1 T
Capitals 1 1 1 0 3
Rangers 2 0 1 1 4
Shots
1 2 3 OT1 T
Capitals 12 6 11 1 30
Rangers 12 11 8 1 32

1st period

1. Rangers , Chris Tanev 1 (Craig Smith, David Legwand) at 0:44
2. Rangers , Sean Couturier 1 (Mikael Backlund, Kris Russell) at 9:38 (SH)
3. Capitals , Alexander Ovechkin 2 (Nate Guenin, Andrew Desjardins) at 13:06

Penalties :
Karl Alzner (NYR) for Cross-checking (Minor) at 8:05, Alexander Ovechkin (WSH) for Interference (Minor) at 10:31, Matt Stajan (WSH) for Hooking (Minor) at 14:17

2nd period

4. Capitals , Ryane Clowe 1 (Mathieu Perreault, Dmitri Orlov) at 19:45

Penalties :
Keith Ballard (WSH) for Unsportsmanlike conduct (Major / Game Misconduct) at 4:16

3rd period

5. Capitals , Tomas Fleischmann 1 (Cody Eakin) at 9:17
6. Rangers , Tomas Tatar 2 (Sean Couturier, Alex Goligoski) at 17:20

Penalties :
Alex Goligoski (NYR) for Slashing (Minor) at 9:38, Cody Eakin (WSH) for Slashing (Double Minor) at 19:38

Overtime #1

7. Rangers , Mikael Backlund 2 (Bryan Allen, Chris Tanev) at 1:34 (PP)

Penalties :
No Penalty

Goalie Stats

James Reimer (WSH), 28 saves from 32 shots - (0.875), OTL, 0-3-1, 61:35 minutes
Cam Talbot (NYR), 27 saves from 30 shots - (0.900), W, 2-1-0, 61:35 minutes

Players Stats for Capitals

Player Name              G  A  P  +/- PIM S  H  SB GA TA FO     MP     PP MP  PK MP  
------------------------------------------------------------------------------------
Alexander Ovechkin       1  0  1   0  2   6  3  0  0  0  6/11   27:29   2:28   4:19 
Alexander Semin          0  0  0  -1  0   2  0  0  0  0  1/1    21:14   2:28   2:49 
Andrew Desjardins        0  1  1   1  0   0  1  0  0  0  5/13    9:18   0:00   4:32 
Calvin de Haan           0  0  0   1  0   2  2  0  0  0  0/0    25:53   1:34   5:08 
Cody Eakin               0  1  1   0  4   1  2  1  0  0  13/18  12:10   0:00   1:21 
Dmitri Orlov             0  1  1  -1  0   3  1  5  0  0  0/0    22:37   2:24   5:21 
Harry Zolnierczyk        0  0  0   1  0   0  0  0  0  0  1/1     5:00   0:00   0:14 
Jay Harrison             0  0  0  -1  0   3  5  0  0  0  0/0    23:15   2:24   5:09 
Jiri Tlusty              0  0  0   0  0   5  0  0  0  0  2/2    16:41   1:30   0:00 
Keith Ballard            0  0  0   0  15  1  0  1  0  0  0/0     5:15   0:00   0:00 
Mathew Dumba             0  0  0   0  0   0  0  1  0  0  0/0     9:18   0:00   0:48 
Mathieu Perreault        0  1  1   0  0   1  0  0  0  0  6/16   19:50   1:30   3:09 
Matt Stajan              0  0  0  -1  2   0  1  0  0  0  12/21  22:11   2:28   3:47 
Morgan Rielly            0  0  0   0  0   0  1  1  0  0  0/0    13:41   0:00   0:18 
Nate Guenin              0  1  1   1  0   1  0  3  0  0  0/0    23:10   1:34   5:02 
Ryane Clowe              1  0  1   0  0   2  2  0  0  0  0/1    16:41   1:30   0:00 
Shawn Thornton           0  0  0   0  0   2  3  0  0  0  0/0    10:50   0:00   0:00 
Tomas Fleischmann        1  0  1   0  0   1  0  1  0  0  0/2    10:50   0:00   0:00 

Players Stats for Rangers

Player Name              G  A  P  +/- PIM S  H  SB GA TA FO     MP     PP MP  PK MP  
------------------------------------------------------------------------------------
Alex Goligoski           0  1  1   0  2   4  0  0  0  0  0/0    26:09   4:46   0:56 
Ben Smith                0  0  0  -1  0   0  0  0  0  0  0/0     5:51   0:00   0:00 
Bryan Allen              0  1  1  -2  0   1  1  2  0  0  0/0    14:47   0:00   2:14 
Chris Tanev              1  1  2   2  0   3  0  2  0  0  0/0    17:49   0:16   1:44 
Craig Adams              0  0  0  -1  0   1  0  0  0  0  0/0     5:51   0:00   0:00 
Craig Smith              0  1  1   0  0   2  1  0  0  0  2/2    17:19   4:14   0:00 
David Legwand            0  1  1   0  0   0  0  0  0  0  6/13   13:36   0:00   0:00 
Derek Morris             0  0  0  -2  0   2  0  2  0  0  0/0    16:32   4:30   0:00 
Frans Nielsen            0  0  0  -1  0   4  0  0  0  0  12/30  24:42   5:04   0:52 
Jaromir Jagr             0  0  0  -1  0   1  1  1  0  0  0/0    24:42   5:04   0:52 
Karl Alzner              0  0  0   1  2   1  2  1  0  0  0/0    20:49   4:32   1:00 
Kris Russell             0  1  1   1  0   3  1  5  0  0  0/0    27:02   4:32   2:02 
Lance Bouma              0  0  0  -1  0   0  0  0  0  0  3/8     5:51   0:00   0:00 
Mark Letestu             0  0  0   1  0   0  0  0  0  0  1/2    10:06   0:00   0:00 
Mikael Backlund          1  1  2   1  0   3  2  1  0  0  7/10   23:09   6:27   3:06 
Sean Couturier           1  1  2   2  0   3  1  1  0  0  8/20   15:44   2:32   3:06 
Tomas Tatar              1  0  1   1  0   1  2  0  0  0  0/0    10:25   0:19   0:00 
Tyler Ennis              0  0  0  -1  0   3  0  0  0  0  1/1    21:56   4:14   0:00 

3 Stars

1 - Sean Couturier (NYR)
2 - Chris Tanev (NYR)
3 - Mikael Backlund (NYR)

Power Play

Capitals - 0 on 2 Attempt(s) - 0.00%
Rangers - 1 on 5 Attempt(s) - 20.00%

Penalty Kill

Capitals - 4 on 5 Attempt(s) - 80.00% - Score 0 goal in Penalty Kill
Rangers - 2 on 2 Attempt(s) - 100.00% - Score 1 goal in Penalty Kill

Official

Referees : Rob Martell and Brian Pochmara
Linesman : Kiel Murchison and Andy McElman

Game Notes

Keith Ballard ejected from game at 4:16 of 2nd period

% Time on Ice - Capitals

Lines # - Real PCT - Wanted PCT - Time Play
Normal Forward
1 - 34% - 40% - 15:57
2 - 32% - 30% - 15:11
3 - 23% - 20% - 10:50
4 - 10% - 10% - 4:46
Normal Defense
1 - 34% - 40% - 15:48
2 - 34% - 30% - 15:42
3 - 30% - 20% - 14:09
4 - 2% - 10% - 1:05
PP Forward
1 - 62% - 60% - 2:28
2 - 38% - 40% - 1:30
PP Defense
1 - 39% - 60% - 1:34
2 - 61% - 40% - 2:24
PK Forward
1 - 66% - 60% - 6:09
2 - 34% - 40% - 3:09
PK Defense
1 - 55% - 60% - 5:05
2 - 45% - 40% - 4:13
PK3 Forward
1 - 59% - 60% - 0:56
2 - 41% - 40% - 0:39
PK3 Defense
1 - 41% - 60% - 0:39
2 - 59% - 40% - 0:56
44 Forward
1 - 0% - 60%
2 - 0% - 40%
44 Defense
1 - 0% - 60%
2 - 0% - 40%
Last Minute Offensive  - 0:00
Last Minute Defensive  - 0:00
Total
Forward - 61:35
Defense - 61:35

% Time on Ice - Rangers

Lines # - Real PCT - Wanted PCT - Time Play
Normal Forward
1 - 38% - 40% - 17:42
2 - 28% - 30% - 13:05
3 - 22% - 20% - 10:06
4 - 13% - 10% - 5:51
Normal Defense
1 - 38% - 40% - 17:58
2 - 33% - 30% - 15:18
3 - 26% - 20% - 12:02
4 - 3% - 10% - 1:26
PP Forward
1 - 54% - 60% - 5:04
2 - 46% - 40% - 4:14
PP Defense
1 - 51% - 60% - 4:46
2 - 49% - 40% - 4:32
PK Forward
1 - 78% - 60% - 3:06
2 - 22% - 40% - 0:52
PK Defense
1 - 51% - 60% - 2:02
2 - 49% - 40% - 1:56
PK3 Forward
1 - 0% - 60%
2 - 0% - 40%
PK3 Defense
1 - 0% - 60%
2 - 0% - 40%
44 Forward
1 - 67% - 60% - 1:04
2 - 33% - 40% - 0:31
44 Defense
1 - 67% - 60% - 1:04
2 - 33% - 40% - 0:31
Last Minute Offensive  - 0:00
Last Minute Defensive  - 0:00
Total
Forward - 61:35
Defense - 61:35

Play by Play

1st period


0:01 of 1st period - Frans Nielsen wins face-off versus Matt Stajan in neutral zone.
0:08 of 1st period - Shot by Jaromir Jagr.
0:08 of 1st period - Shot Misses the Net.
0:12 of 1st period - Shot by Frans Nielsen.
0:12 of 1st period - Shot Misses the Net.
0:16 of 1st period - Shot by Frans Nielsen.
0:16 of 1st period - Shot Misses the Net.
0:18 of 1st period - Shot by Kris Russell.
0:18 of 1st period - Stopped by James Reimer without a rebound.
0:19 of 1st period - David Legwand wins face-off versus Mathieu Perreault in Capitals zone.
0:40 of 1st period - Shot by Mikael Backlund.
0:40 of 1st period - Shot Blocked by Dmitri Orlov.
0:42 of 1st period - Shot by David Legwand.
0:42 of 1st period - Deflect By Craig Smith.
0:42 of 1st period - Shot Misses the Net.
0:44 of 1st period - Shot by Chris Tanev.
0:44 of 1st period - Goal by Chris Tanev - Capitals : 0 - Rangers : 1.
0:45 of 1st period - Cody Eakin wins face-off versus Sean Couturier in neutral zone.
0:55 of 1st period - Icing by Keith Ballard.
0:56 of 1st period - Lance Bouma wins face-off versus Tomas Fleischmann in Capitals zone.
1:07 of 1st period - Shot by Morgan Rielly.
1:07 of 1st period - Shot Misses the Net.
1:09 of 1st period - Shot by Keith Ballard.
1:09 of 1st period - Stopped by Cam Talbot without a rebound.
1:10 of 1st period - Frans Nielsen wins face-off versus Matt Stajan in Rangers zone.
1:10 of 1st period - Frans Nielsen is hit by Matt Stajan.
1:49 of 1st period - Shot by Alexander Semin.
1:49 of 1st period - Shot Blocked by Bryan Allen.
1:51 of 1st period - Shot by Matt Stajan.
1:51 of 1st period - Shot Blocked by Derek Morris.
1:53 of 1st period - Shot by Nate Guenin.
1:53 of 1st period - Deflect By Alexander Ovechkin.
1:53 of 1st period - Stopped by Cam Talbot without a rebound.
1:54 of 1st period - Sean Couturier wins face-off versus Mathieu Perreault in Rangers zone.
2:05 of 1st period - Shot by Alex Goligoski.
2:05 of 1st period - Shot Blocked by Dmitri Orlov.
2:21 of 1st period - Shot by Sean Couturier.
2:21 of 1st period - Shot Misses the Net.
2:42 of 1st period - Icing by Kris Russell.
2:43 of 1st period - Sean Couturier wins face-off versus Andrew Desjardins in Rangers zone.
2:51 of 1st period - Shot by Alexander Ovechkin.
2:51 of 1st period - Stopped by Cam Talbot with a rebound.
2:53 of 1st period - Shot by Calvin de Haan.
2:53 of 1st period - Stopped by Cam Talbot without a rebound.
2:54 of 1st period - Cody Eakin wins face-off versus David Legwand in Rangers zone.
3:08 of 1st period - Icing by Chris Tanev.
3:09 of 1st period - David Legwand wins face-off versus Matt Stajan in Rangers zone.
3:29 of 1st period - Off-side.
3:30 of 1st period - Cody Eakin wins face-off versus Frans Nielsen in neutral zone.
3:42 of 1st period - Icing by Alex Goligoski.
3:43 of 1st period - Harry Zolnierczyk wins face-off versus Frans Nielsen in Rangers zone.
3:46 of 1st period - Shot by Alexander Ovechkin.
3:46 of 1st period - Shot Hit the Post.
3:49 of 1st period - Icing by Alex Goligoski.
3:50 of 1st period - Matt Stajan wins face-off versus Frans Nielsen in Rangers zone.
4:25 of 1st period - Shot by Kris Russell.
4:25 of 1st period - Shot Misses the Net.
5:05 of 1st period - Shot by David Legwand.
5:05 of 1st period - Shot Blocked by Dmitri Orlov.
5:07 of 1st period - Shot by Chris Tanev.
5:07 of 1st period - Stopped by James Reimer without a rebound.
5:08 of 1st period - Lance Bouma wins face-off versus Cody Eakin in Capitals zone.
5:15 of 1st period - Shot by Cody Eakin.
5:15 of 1st period - Stopped by Cam Talbot without a rebound.
5:16 of 1st period - Jiri Tlusty wins face-off versus Lance Bouma in Rangers zone.
5:29 of 1st period - Shot by Ben Smith.
5:29 of 1st period - Shot Misses the Net.
5:56 of 1st period - Shot by Craig Adams.
5:56 of 1st period - Stopped by James Reimer without a rebound.
5:57 of 1st period - David Legwand wins face-off versus Andrew Desjardins in Capitals zone.
6:00 of 1st period - Shot by Mikael Backlund.
6:00 of 1st period - Shot Hit the Post.
6:02 of 1st period - Shot by David Legwand.
6:02 of 1st period - Shot Blocked by Keith Ballard.
7:03 of 1st period - Shot by Tyler Ennis.
7:03 of 1st period - Shot Blocked by Tomas Fleischmann.
7:40 of 1st period - Shot by Cody Eakin.
7:40 of 1st period - Shot Blocked by Chris Tanev.
7:52 of 1st period - Shot by Jiri Tlusty.
7:52 of 1st period - Shot Blocked by Karl Alzner.
7:54 of 1st period - Shot by Jiri Tlusty.
7:54 of 1st period - Shot Blocked by Chris Tanev.
7:56 of 1st period - Shot by Jiri Tlusty.
7:56 of 1st period - Shot Misses the Net.
8:04 of 1st period - Jiri Tlusty is hit by Karl Alzner and loses puck.
8:05 of 1st period - Minor Penalty to Karl Alzner for Cross-checking.
8:06 of 1st period - Matt Stajan wins face-off versus Sean Couturier in Rangers zone.
8:15 of 1st period - Shot by Alexander Semin.
8:15 of 1st period - Stopped by Cam Talbot without a rebound.
8:16 of 1st period - Mathieu Perreault wins face-off versus Sean Couturier in Rangers zone.
8:19 of 1st period - Shot by Dmitri Orlov.
8:19 of 1st period - Shot Blocked by Mikael Backlund.
8:31 of 1st period - Shot by Dmitri Orlov.
8:31 of 1st period - Stopped by Cam Talbot without a rebound.
8:32 of 1st period - Matt Stajan wins face-off versus Sean Couturier in Rangers zone.
8:41 of 1st period - Shot by Calvin de Haan.
8:41 of 1st period - Stopped by Cam Talbot without a rebound.
8:42 of 1st period - Matt Stajan wins face-off versus Sean Couturier in Rangers zone.
9:03 of 1st period - Icing by Dmitri Orlov.
9:04 of 1st period - Sean Couturier wins face-off versus Matt Stajan in Capitals zone.
9:04 of 1st period - Sean Couturier is hit by Jay Harrison.
9:09 of 1st period - Sean Couturier is hit by Jay Harrison and loses puck.
9:38 of 1st period - Shot by Sean Couturier.
9:38 of 1st period - Goal by Sean Couturier - Capitals : 0 - Rangers : 2.
9:39 of 1st period - Mathieu Perreault wins face-off versus Frans Nielsen in neutral zone.
9:44 of 1st period - Shot by Nate Guenin.
9:44 of 1st period - Shot Misses the Net.
9:50 of 1st period - Shot by Jiri Tlusty.
9:50 of 1st period - Stopped by Cam Talbot without a rebound.
9:51 of 1st period - Mathieu Perreault wins face-off versus Frans Nielsen in Rangers zone.
10:21 of 1st period - Icing by Kris Russell.
10:22 of 1st period - Lance Bouma wins face-off versus Matt Stajan in Rangers zone.
10:22 of 1st period - Lance Bouma is hit by Alexander Ovechkin.
10:31 of 1st period - Minor Penalty to Alexander Ovechkin for Interference.
10:32 of 1st period - Frans Nielsen wins face-off versus Andrew Desjardins in Capitals zone.
10:52 of 1st period - Frans Nielsen is hit by Jay Harrison and loses puck.
10:55 of 1st period - Shot by Karl Alzner.
10:55 of 1st period - Stopped by James Reimer without a rebound.
10:56 of 1st period - Mikael Backlund wins face-off versus Andrew Desjardins in Capitals zone.
11:01 of 1st period - Shot by Alex Goligoski.
11:01 of 1st period - Shot Blocked by Nate Guenin.
11:03 of 1st period - Shot by Craig Smith.
11:03 of 1st period - Shot Blocked by Nate Guenin.
11:29 of 1st period - Shot by Alex Goligoski.
11:29 of 1st period - Deflect By Tyler Ennis.
11:29 of 1st period - Shot Hit the Post.
11:33 of 1st period - Shot by Mikael Backlund.
11:33 of 1st period - Shot Misses the Net.
11:35 of 1st period - Shot by Derek Morris.
11:35 of 1st period - Stopped by James Reimer without a rebound.
11:36 of 1st period - Cody Eakin wins face-off versus Mikael Backlund in Capitals zone.
11:36 of 1st period - Cody Eakin is hit by Jaromir Jagr.
11:46 of 1st period - Jay Harrison is hit by Mikael Backlund and loses puck.
12:45 of 1st period - Shot by Cody Eakin.
12:45 of 1st period - Shot Misses the Net.
12:47 of 1st period - Shot by Morgan Rielly.
12:47 of 1st period - Shot Misses the Net.
12:52 of 1st period - Icing by Bryan Allen.
12:53 of 1st period - Andrew Desjardins wins face-off versus Lance Bouma in Rangers zone.
13:06 of 1st period - Shot by Alexander Ovechkin.
13:06 of 1st period - Goal by Alexander Ovechkin - Capitals : 1 - Rangers : 2.
13:07 of 1st period - Frans Nielsen wins face-off versus Matt Stajan in neutral zone.
13:25 of 1st period - Icing by Morgan Rielly.
13:26 of 1st period - Matt Stajan wins face-off versus Sean Couturier in Capitals zone.
13:26 of 1st period - Matt Stajan is hit by Sean Couturier.
13:40 of 1st period - Shot by Alexander Semin.
13:40 of 1st period - Stopped by Cam Talbot with a rebound.
14:09 of 1st period - Alexander Ovechkin is hit by Tomas Tatar and loses puck.
14:17 of 1st period - Minor Penalty to Matt Stajan for Hooking.
14:18 of 1st period - Frans Nielsen wins face-off versus Andrew Desjardins in Capitals zone.
14:31 of 1st period - Shot by Frans Nielsen.
14:31 of 1st period - Shot Misses the Net.
14:33 of 1st period - Shot by Derek Morris.
14:33 of 1st period - Stopped by James Reimer without a rebound.
14:34 of 1st period - Mikael Backlund wins face-off versus Alexander Ovechkin in Capitals zone.
14:35 of 1st period - Shot by Alex Goligoski.
14:35 of 1st period - Stopped by James Reimer without a rebound.
14:36 of 1st period - Frans Nielsen wins face-off versus Alexander Ovechkin in Capitals zone.
14:49 of 1st period - Shot by Frans Nielsen.
14:49 of 1st period - Shot Misses the Net.
14:51 of 1st period - Shot by Alex Goligoski.
14:51 of 1st period - Shot Misses the Net.
15:42 of 1st period - Shot by Karl Alzner.
15:42 of 1st period - Shot Misses the Net.
15:44 of 1st period - Shot by Craig Smith.
15:44 of 1st period - Stopped by James Reimer without a rebound.
15:45 of 1st period - Mikael Backlund wins face-off versus Alexander Ovechkin in Capitals zone.
15:52 of 1st period - Shot by Tyler Ennis.
15:52 of 1st period - Stopped by James Reimer without a rebound.
15:53 of 1st period - Alexander Ovechkin wins face-off versus Mikael Backlund in Capitals zone.
16:47 of 1st period - Shot by Mark Letestu.
16:47 of 1st period - Shot Blocked by Morgan Rielly.
17:21 of 1st period - Shot by Jaromir Jagr.
17:21 of 1st period - Shot Misses the Net.
17:23 of 1st period - Shot by Alex Goligoski.
17:23 of 1st period - Stopped by James Reimer without a rebound.
17:24 of 1st period - Cody Eakin wins face-off versus Lance Bouma in Capitals zone.
17:31 of 1st period - Chris Tanev is hit by Shawn Thornton and loses puck.
17:38 of 1st period - Shot by Nate Guenin.
17:38 of 1st period - Deflect By Shawn Thornton.
17:38 of 1st period - Stopped by Cam Talbot without a rebound.
17:39 of 1st period - Matt Stajan wins face-off versus David Legwand in Rangers zone.
17:39 of 1st period - Matt Stajan is hit by Kris Russell.
17:51 of 1st period - Shot by Alexander Ovechkin.
17:51 of 1st period - Shot Misses the Net.
18:07 of 1st period - Shot by Matt Stajan.
18:07 of 1st period - Shot Misses the Net.
18:12 of 1st period - Icing by Alex Goligoski.
18:13 of 1st period - Cody Eakin wins face-off versus David Legwand in Rangers zone.
18:23 of 1st period - Off-side.
18:24 of 1st period - Tyler Ennis wins face-off versus Mathieu Perreault in neutral zone.
18:56 of 1st period - Shot by Mathieu Perreault.
18:56 of 1st period - Shot Misses the Net.
19:36 of 1st period - Shot by Alexander Ovechkin.
19:36 of 1st period - Shot Misses the Net.
Goals for this period are 1 for Capitals vs 2 for Rangers.
Shots for this period are 12 for Capitals vs 12 for Rangers.

2nd period


0:01 of 2nd period - Matt Stajan wins face-off versus Frans Nielsen in neutral zone.
0:26 of 2nd period - Shot by Frans Nielsen.
0:26 of 2nd period - Stopped by James Reimer without a rebound.
0:27 of 2nd period - Craig Smith wins face-off versus Mathieu Perreault in Capitals zone.
0:34 of 2nd period - Shot by Mikael Backlund.
0:34 of 2nd period - Deflect By Craig Smith.
0:34 of 2nd period - Shot Blocked by Dmitri Orlov.
0:38 of 2nd period - Shot by Chris Tanev.
0:38 of 2nd period - Stopped by James Reimer without a rebound.
0:39 of 2nd period - Matt Stajan wins face-off versus Frans Nielsen in Capitals zone.
1:09 of 2nd period - Shot by Tyler Ennis.
1:09 of 2nd period - Stopped by James Reimer without a rebound.
1:10 of 2nd period - Mikael Backlund wins face-off versus Mathieu Perreault in Capitals zone.
1:10 of 2nd period - Mikael Backlund is hit by Dmitri Orlov.
1:28 of 2nd period - Shot by Jiri Tlusty.
1:28 of 2nd period - Shot Misses the Net.
1:45 of 2nd period - Ryane Clowe is hit by Karl Alzner and loses puck.
2:01 of 2nd period - Icing by Jiri Tlusty.
2:02 of 2nd period - Frans Nielsen wins face-off versus Mathieu Perreault in Capitals zone.
2:02 of 2nd period - Tyler Ennis is hit by Jay Harrison and loses puck.
2:14 of 2nd period - Tyler Ennis is hit by Ryane Clowe and loses puck.
3:28 of 2nd period - Sean Couturier is hit by Calvin de Haan and loses puck.
4:16 of 2nd period - Major / Game Misconduct Penalty to Keith Ballard for Unsportsmanlike conduct.
4:16 of 2nd period - Keith Ballard is ejected from game.
4:17 of 2nd period - Andrew Desjardins wins face-off versus Frans Nielsen in Capitals zone.
4:36 of 2nd period - Shot by Alex Goligoski.
4:36 of 2nd period - Stopped by James Reimer without a rebound.
4:37 of 2nd period - Alexander Ovechkin wins face-off versus Mikael Backlund in Capitals zone.
4:57 of 2nd period - Off-side.
4:58 of 2nd period - Alexander Ovechkin wins face-off versus Frans Nielsen in neutral zone.
5:01 of 2nd period - Derek Morris is hit by Alexander Ovechkin and loses puck.
6:12 of 2nd period - Shot by Kris Russell.
6:12 of 2nd period - Stopped by James Reimer without a rebound.
6:13 of 2nd period - Sean Couturier wins face-off versus Alexander Ovechkin in Capitals zone.
7:04 of 2nd period - Karl Alzner is hit by Cody Eakin and loses puck.
7:27 of 2nd period - Nate Guenin is hit by Tomas Tatar and loses puck.
7:32 of 2nd period - Shot by Alex Goligoski.
7:32 of 2nd period - Stopped by James Reimer without a rebound.
7:33 of 2nd period - Alexander Ovechkin wins face-off versus Frans Nielsen in Capitals zone.
7:38 of 2nd period - Alex Goligoski is hit by Alexander Ovechkin and loses puck.
8:04 of 2nd period - Icing by Alex Goligoski.
8:05 of 2nd period - Alexander Semin wins face-off versus Frans Nielsen in Rangers zone.
8:46 of 2nd period - Alexander Ovechkin is hit by Craig Smith and loses puck.
9:35 of 2nd period - Shot by Lance Bouma.
9:35 of 2nd period - Shot Blocked by Mathew Dumba.
9:37 of 2nd period - Shot by Bryan Allen.
9:37 of 2nd period - Stopped by James Reimer without a rebound.
9:38 of 2nd period - Sean Couturier wins face-off versus Ryane Clowe in Capitals zone.
9:54 of 2nd period - Mark Letestu is hit by Ryane Clowe and loses puck.
10:50 of 2nd period - Shot by Frans Nielsen.
10:50 of 2nd period - Stopped by James Reimer with a rebound.
10:56 of 2nd period - Shot by Alexander Ovechkin.
10:56 of 2nd period - Shot Blocked by Kris Russell.
11:10 of 2nd period - Shot by Frans Nielsen.
11:10 of 2nd period - Shot Misses the Net.
11:55 of 2nd period - Tomas Fleischmann is hit by Mikael Backlund and loses puck.
12:04 of 2nd period - Shot by Shawn Thornton.
12:04 of 2nd period - Shot Misses the Net.
12:34 of 2nd period - Karl Alzner is hit by Andrew Desjardins and loses puck.
13:16 of 2nd period - Shot by Jiri Tlusty.
13:16 of 2nd period - Shot Misses the Net.
13:28 of 2nd period - Shot by Tyler Ennis.
13:28 of 2nd period - Stopped by James Reimer without a rebound.
13:29 of 2nd period - Mark Letestu wins face-off versus Cody Eakin in Capitals zone.
13:38 of 2nd period - Shot by Sean Couturier.
13:38 of 2nd period - Shot Blocked by Cody Eakin.
13:55 of 2nd period - Icing by Mathew Dumba.
13:56 of 2nd period - Cody Eakin wins face-off versus Frans Nielsen in Capitals zone.
14:20 of 2nd period - Frans Nielsen is hit by Jay Harrison and loses puck.
14:49 of 2nd period - David Legwand is hit by Cody Eakin and loses puck.
15:10 of 2nd period - Icing by Alex Goligoski.
15:11 of 2nd period - Mathieu Perreault wins face-off versus David Legwand in Rangers zone.
15:24 of 2nd period - Shot by Jiri Tlusty.
15:24 of 2nd period - Stopped by Cam Talbot without a rebound.
15:25 of 2nd period - Matt Stajan wins face-off versus Mark Letestu in Rangers zone.
15:51 of 2nd period - Shot by Sean Couturier.
15:51 of 2nd period - Shot Misses the Net.
16:33 of 2nd period - Shot by Mathieu Perreault.
16:33 of 2nd period - Shot Misses the Net.
16:35 of 2nd period - Shot by Jay Harrison.
16:35 of 2nd period - Stopped by Cam Talbot with a rebound.
16:37 of 2nd period - Shot by Jay Harrison.
16:37 of 2nd period - Shot Misses the Net.
16:39 of 2nd period - Shot by Dmitri Orlov.
16:39 of 2nd period - Stopped by Cam Talbot with a rebound.
16:41 of 2nd period - Shot by Ryane Clowe.
16:41 of 2nd period - Deflect By Mathieu Perreault.
16:41 of 2nd period - Shot Blocked by Kris Russell.
16:43 of 2nd period - Shot by Jay Harrison.
16:43 of 2nd period - Shot Blocked by Jaromir Jagr.
16:45 of 2nd period - Shot by Dmitri Orlov.
16:45 of 2nd period - Shot Blocked by Kris Russell.
17:03 of 2nd period - Shot by Jiri Tlusty.
17:03 of 2nd period - Stopped by Cam Talbot without a rebound.
17:04 of 2nd period - Cody Eakin wins face-off versus David Legwand in Rangers zone.
17:05 of 2nd period - Shot by Shawn Thornton.
17:05 of 2nd period - Stopped by Cam Talbot with a rebound.
17:17 of 2nd period - Shot by Craig Smith.
17:17 of 2nd period - Deflect By Mikael Backlund.
17:17 of 2nd period - Stopped by James Reimer without a rebound.
17:18 of 2nd period - Andrew Desjardins wins face-off versus Lance Bouma in Capitals zone.
18:11 of 2nd period - Icing by Calvin de Haan.
18:12 of 2nd period - Frans Nielsen wins face-off versus Andrew Desjardins in Capitals zone.
18:24 of 2nd period - Frans Nielsen is hit by Calvin de Haan and loses puck.
18:33 of 2nd period - Shot by Jaromir Jagr.
18:33 of 2nd period - Shot Blocked by Nate Guenin.
18:36 of 2nd period - Icing by Calvin de Haan.
18:37 of 2nd period - David Legwand wins face-off versus Andrew Desjardins in Capitals zone.
18:57 of 2nd period - Shot by Craig Smith.
18:57 of 2nd period - Stopped by James Reimer with a rebound.
19:45 of 2nd period - Shot by Ryane Clowe.
19:45 of 2nd period - Goal by Ryane Clowe - Capitals : 2 - Rangers : 2.
19:46 of 2nd period - Sean Couturier wins face-off versus Tomas Fleischmann in neutral zone.
19:46 of 2nd period - Sean Couturier is hit by Shawn Thornton.
19:49 of 2nd period - Karl Alzner is hit by Morgan Rielly and loses puck.
19:57 of 2nd period - Icing by Cody Eakin.
19:58 of 2nd period - Cody Eakin wins face-off versus Frans Nielsen in Capitals zone.
Goals for this period are 1 for Capitals vs 0 for Rangers.
Shots for this period are 6 for Capitals vs 11 for Rangers.

3rd period


0:01 of 3rd period - Frans Nielsen wins face-off versus Matt Stajan in neutral zone.
0:31 of 3rd period - Shot by Alexander Ovechkin.
0:31 of 3rd period - Shot Misses the Net.
0:33 of 3rd period - Shot by Nate Guenin.
0:33 of 3rd period - Stopped by Cam Talbot with a rebound.
1:30 of 3rd period - Shot by Jay Harrison.
1:30 of 3rd period - Stopped by Cam Talbot without a rebound.
1:31 of 3rd period - David Legwand wins face-off versus Cody Eakin in Rangers zone.
1:31 of 3rd period - Mikael Backlund is hit by Shawn Thornton and loses puck.
1:42 of 3rd period - Off-side.
1:43 of 3rd period - Andrew Desjardins wins face-off versus Sean Couturier in neutral zone.
1:47 of 3rd period - Icing by Bryan Allen.
1:48 of 3rd period - Matt Stajan wins face-off versus Sean Couturier in Rangers zone.
2:01 of 3rd period - Shot by Alexander Ovechkin.
2:01 of 3rd period - Stopped by Cam Talbot without a rebound.
2:02 of 3rd period - Mikael Backlund wins face-off versus Mathieu Perreault in Rangers zone.
2:18 of 3rd period - Icing by Dmitri Orlov.
2:19 of 3rd period - Mathieu Perreault wins face-off versus Sean Couturier in Capitals zone.
3:22 of 3rd period - Off-side.
3:23 of 3rd period - Frans Nielsen wins face-off versus Cody Eakin in neutral zone.
3:26 of 3rd period - Shot by Frans Nielsen.
3:26 of 3rd period - Shot Misses the Net.
3:36 of 3rd period - Shot by Jaromir Jagr.
3:36 of 3rd period - Stopped by James Reimer with a rebound.
3:38 of 3rd period - Shot by Tyler Ennis.
3:38 of 3rd period - Shot Misses the Net.
4:42 of 3rd period - Icing by Mikael Backlund.
4:43 of 3rd period - Mathieu Perreault wins face-off versus David Legwand in Rangers zone.
4:59 of 3rd period - Shot by Dmitri Orlov.
4:59 of 3rd period - Stopped by Cam Talbot with a rebound.
5:01 of 3rd period - Shot by Jiri Tlusty.
5:01 of 3rd period - Stopped by Cam Talbot with a rebound.
5:54 of 3rd period - Shot by Frans Nielsen.
5:54 of 3rd period - Stopped by James Reimer without a rebound.
5:55 of 3rd period - Frans Nielsen wins face-off versus Andrew Desjardins in Capitals zone.
6:02 of 3rd period - Shot by Tyler Ennis.
6:02 of 3rd period - Shot Misses the Net.
6:04 of 3rd period - Shot by Frans Nielsen.
6:04 of 3rd period - Shot Misses the Net.
7:04 of 3rd period - Shot by Sean Couturier.
7:04 of 3rd period - Stopped by James Reimer with a rebound.
7:14 of 3rd period - Shot by Cody Eakin.
7:14 of 3rd period - Shot Blocked by Bryan Allen.
7:44 of 3rd period - Shot by Mathieu Perreault.
7:44 of 3rd period - Shot Misses the Net.
7:46 of 3rd period - Shot by Jay Harrison.
7:46 of 3rd period - Shot Blocked by Derek Morris.
7:48 of 3rd period - Shot by Jay Harrison.
7:48 of 3rd period - Stopped by Cam Talbot without a rebound.
7:49 of 3rd period - Matt Stajan wins face-off versus Lance Bouma in Rangers zone.
9:06 of 3rd period - Shot by Ryane Clowe.
9:06 of 3rd period - Shot Blocked by Kris Russell.
9:08 of 3rd period - Shot by Dmitri Orlov.
9:08 of 3rd period - Shot Misses the Net.
9:10 of 3rd period - Shot by Dmitri Orlov.
9:10 of 3rd period - Shot Hit the Post.
9:12 of 3rd period - Shot by Jiri Tlusty.
9:12 of 3rd period - Shot Blocked by Kris Russell.
9:14 of 3rd period - Shot by Jiri Tlusty.
9:14 of 3rd period - Stopped by Cam Talbot without a rebound.
9:15 of 3rd period - Cody Eakin wins face-off versus David Legwand in Rangers zone.
9:15 of 3rd period - Cody Eakin is hit by Bryan Allen.
9:17 of 3rd period - Shot by Tomas Fleischmann.
9:17 of 3rd period - Goal by Tomas Fleischmann - Capitals : 3 - Rangers : 2.
9:18 of 3rd period - Craig Smith wins face-off versus Mathieu Perreault in neutral zone.
9:29 of 3rd period - Shot by Mikael Backlund.
9:29 of 3rd period - Shot Blocked by Dmitri Orlov.
9:37 of 3rd period - Shot by Jiri Tlusty.
9:37 of 3rd period - Deflect By Ryane Clowe.
9:37 of 3rd period - Stopped by Cam Talbot without a rebound.
9:38 of 3rd period - Cody Eakin wins face-off versus Frans Nielsen in Rangers zone.
9:38 of 3rd period - Minor Penalty to Alex Goligoski for Slashing.
9:39 of 3rd period - Sean Couturier wins face-off versus Matt Stajan in Rangers zone.
10:38 of 3rd period - Shot by Frans Nielsen.
10:38 of 3rd period - Stopped by James Reimer without a rebound.
10:39 of 3rd period - Sean Couturier wins face-off versus Mathieu Perreault in Capitals zone.
10:51 of 3rd period - Icing by Calvin de Haan.
10:52 of 3rd period - Jiri Tlusty wins face-off versus Sean Couturier in Capitals zone.
11:18 of 3rd period - Off-side.
11:19 of 3rd period - Mikael Backlund wins face-off versus Matt Stajan in neutral zone.
11:49 of 3rd period - Icing by Tyler Ennis.
11:50 of 3rd period - Frans Nielsen wins face-off versus Mathieu Perreault in Rangers zone.
12:12 of 3rd period - Shot by Frans Nielsen.
12:12 of 3rd period - Shot Misses the Net.
12:30 of 3rd period - Shot by Jiri Tlusty.
12:30 of 3rd period - Shot Misses the Net.
12:32 of 3rd period - Shot by Jiri Tlusty.
12:32 of 3rd period - Deflect By Mathieu Perreault.
12:32 of 3rd period - Stopped by Cam Talbot with a rebound.
12:50 of 3rd period - Shot by Alexander Ovechkin.
12:50 of 3rd period - Stopped by Cam Talbot without a rebound.
12:51 of 3rd period - David Legwand wins face-off versus Cody Eakin in Rangers zone.
13:30 of 3rd period - Shot by Tomas Fleischmann.
13:30 of 3rd period - Shot Misses the Net.
14:07 of 3rd period - Shot by Sean Couturier.
14:07 of 3rd period - Shot Misses the Net.
14:09 of 3rd period - Shot by Derek Morris.
14:09 of 3rd period - Shot Misses the Net.
14:11 of 3rd period - Shot by Bryan Allen.
14:11 of 3rd period - Shot Misses the Net.
14:13 of 3rd period - Shot by Mark Letestu.
14:13 of 3rd period - Shot Hit the Post.
15:08 of 3rd period - Shot by Kris Russell.
15:08 of 3rd period - Shot Misses the Net.
15:24 of 3rd period - Shot by Jaromir Jagr.
15:24 of 3rd period - Shot Misses the Net.
15:28 of 3rd period - Shot by Jaromir Jagr.
15:28 of 3rd period - Shot Misses the Net.
15:30 of 3rd period - Shot by Tyler Ennis.
15:30 of 3rd period - Shot Misses the Net.
15:51 of 3rd period - Shot by Ben Smith.
15:51 of 3rd period - Shot Misses the Net.
15:53 of 3rd period - Shot by Craig Adams.
15:53 of 3rd period - Shot Misses the Net.
16:56 of 3rd period - Icing by Mathew Dumba.
16:57 of 3rd period - Cody Eakin wins face-off versus Sean Couturier in Capitals zone.
17:02 of 3rd period - Shot by Morgan Rielly.
17:02 of 3rd period - Shot Blocked by Sean Couturier.
17:08 of 3rd period - Shot by Sean Couturier.
17:08 of 3rd period - Shot Misses the Net.
17:16 of 3rd period - Shot by Sean Couturier.
17:16 of 3rd period - Stopped by James Reimer with a rebound.
17:20 of 3rd period - Shot by Tomas Tatar.
17:20 of 3rd period - Goal by Tomas Tatar - Capitals : 3 - Rangers : 3.
17:21 of 3rd period - Matt Stajan wins face-off versus Frans Nielsen in neutral zone.
18:38 of 3rd period - Shot by Craig Smith.
18:38 of 3rd period - Shot Misses the Net.
18:46 of 3rd period - Shot by Mikael Backlund.
18:46 of 3rd period - Shot Misses the Net.
18:48 of 3rd period - Shot by Mikael Backlund.
18:48 of 3rd period - Shot Misses the Net.
19:00 of 3rd period - Shot by Mikael Backlund.
19:00 of 3rd period - Shot Misses the Net.
19:02 of 3rd period - Shot by Craig Smith.
19:02 of 3rd period - Deflect By Mikael Backlund.
19:02 of 3rd period - Stopped by James Reimer without a rebound.
19:03 of 3rd period - Cody Eakin wins face-off versus Sean Couturier in Capitals zone.
19:35 of 3rd period - Shot by Sean Couturier.
19:35 of 3rd period - Shot Misses the Net.
19:38 of 3rd period - Double Minor Penalty to Cody Eakin for Slashing.
19:39 of 3rd period - Andrew Desjardins wins face-off versus Frans Nielsen in Capitals zone.
19:52 of 3rd period - Shot by Kris Russell.
19:52 of 3rd period - Stopped by James Reimer without a rebound.
19:53 of 3rd period - Mikael Backlund wins face-off versus Alexander Ovechkin in Capitals zone.
Goals for this period are 1 for Capitals vs 1 for Rangers.
Shots for this period are 11 for Capitals vs 8 for Rangers.

Overtime #1


0:01 of 1st overtime period - Alexander Ovechkin wins face-off versus Frans Nielsen in neutral zone.
0:09 of 1st overtime period - Icing by Jaromir Jagr.
0:10 of 1st overtime period - Alexander Ovechkin wins face-off versus Frans Nielsen in Rangers zone.
0:23 of 1st overtime period - Shot by Alexander Ovechkin.
0:23 of 1st overtime period - Stopped by Cam Talbot with a rebound.
1:34 of 1st overtime period - Shot by Mikael Backlund.
1:34 of 1st overtime period - Goal by Mikael Backlund - Capitals : 3 - Rangers : 4.
Goals for this period are 0 for Capitals vs 1 for Rangers.
Shots for this period are 1 for Capitals vs 1 for Rangers.


Output by the SimonT Hockey Simulator (STHS) for Stephane Roy -- Original Page W3C XHTML 1.0 Valid
Hockey Simulator - Hockey Simulation - Hockey Manager